Diables vs Mulligans
Created - December 4, 2019 at 19:19
Goals
|
| Diables |
2 |
1 |
2 |
5 |
| Mulligans |
3 |
2 |
1 |
6 |
|
Shots
|
| Diables |
9 |
12 |
11 |
32 |
| Mulligans |
18 |
9 |
18 |
45 |
|
1st period
1. Mulligans , Maxime Macenauer 6 (Matt Beleskey 9) at 0:34
2. Mulligans , Logan Shaw 7 (Matt Beleskey 10, Jonathan Ferland 12) at 1:49
3. Mulligans , Maxime Macenauer 7 (Darren Dietz 3, Matt Beleskey 11) at 9:41
4. Diables , C.J Suess 4 (Nicolas Aube-Kubel 3, Frederik Gauthier 8) at 19:06
5. Diables , Griffin Reinhart 3 (Mikko Lehtonen 12, Tim Schaller 11) at 19:14
Penalties :
No Penalty
2nd period
6. Diables , Brock McGinn 10 (Marc-André Bourdon 5) at 9:28
7. Mulligans , Jonathan Ferland 6 (Anton Lander 21, Eric Tangradi 8) at 14:33 (PP)
8. Mulligans , Jonathan Ferland 7 (Eric Tangradi 9, Anton Lander 22) at 17:06
Penalties :
C.J Suess (Alm) for Tripping (Minor) at 1:06, Griffin Reinhart (Alm) for Tripping (Minor) at 4:16, Cade Fairchild (Rep) for Hooking (Minor) at 10:59, Mark Jankowski (Alm) for High sticking (Minor) at 14:26, Zac Leslie (Alm) for Interference (Minor) at 18:40
3rd period
9. Diables , Brandon Prust 19 (Tim Schaller 12) at 6:07
10. Diables , Mikko Lehtonen 4 (Tim Schaller 13, Brandon Prust 8) at 9:19
11. Mulligans , Joonas Donskoi 5 (Cody Goloubef 8, Michael Sdao 7) at 18:35
Penalties :
No Penalty
Goalie Stats
Eric Comrie (Alm), 39 saves from 45 shots - (0.867), L, 10-5-1, 59:07 minutes
Calvin Pickard (Rep), 27 saves from 32 shots - (0.844), W, 11-4-1, 60:00 minutes
Players Stats for Diables
Player Name G A P +/- PIM S H SB GA TA FO MP PP MP PK MP
------------------------------------------------------------------------------------
Artturi Lehkonen 0 0 0 0 0 1 0 0 0 0 0/0 7:53 0:00 0:00
Brandon Prust 1 1 2 2 0 3 2 1 0 0 1/1 22:29 0:59 3:40
Brett Lernout 0 0 0 -1 0 2 0 1 0 0 0/0 14:26 0:00 1:45
Brett Ritchie 0 0 0 0 0 0 0 0 0 0 0/0 7:53 0:00 0:00
Brock McGinn 1 0 1 -2 0 3 0 0 0 0 0/0 15:40 1:00 0:35
C.J Suess 1 0 1 0 2 2 2 0 0 0 2/2 12:38 0:00 0:45
Chris Bigras 0 0 0 -1 0 1 0 0 0 0 0/0 11:57 0:00 0:25
Daniel Zaar 0 0 0 -2 0 2 1 0 0 0 0/0 14:55 1:00 0:00
Frederik Gauthier 0 1 1 0 0 1 2 0 0 0 0/6 14:35 1:00 1:42
Griffin Reinhart 1 0 1 2 2 1 0 2 0 1 0/0 26:25 1:03 2:31
Louis Leblanc 0 0 0 0 0 3 1 0 1 0 1/3 7:53 0:00 0:00
Marc-André Bourdon 0 1 1 -1 0 1 2 1 1 0 0/0 20:37 0:56 2:07
Mark Jankowski 0 0 0 -2 2 1 1 0 0 0 4/10 14:22 0:00 0:03
Mikko Lehtonen 1 1 2 2 0 2 1 0 0 0 1/5 20:56 0:59 1:42
Nicolas Aube-Kubel 0 1 1 0 0 0 3 2 1 0 0/1 11:44 0:00 0:00
Tim Schaller 0 3 3 2 0 4 1 1 1 0 19/32 22:30 0:59 3:41
Will Butcher 0 0 0 2 0 2 3 1 0 1 0/0 27:22 1:03 3:45
Zac Leslie 0 0 0 -1 2 3 4 1 0 1 0/0 19:37 0:56 1:35
Players Stats for Mulligans
Player Name G A P +/- PIM S H SB GA TA FO MP PP MP PK MP
------------------------------------------------------------------------------------
Anton Lander 0 2 2 -4 0 4 0 1 0 1 15/35 22:18 3:29 1:03
Ben Hutton 0 0 0 1 0 1 0 0 0 0 0/0 18:15 2:39 1:08
Cade Fairchild 0 0 0 1 2 1 4 0 0 0 0/0 16:37 2:39 0:00
Cody Goloubef 0 1 1 -2 0 3 1 0 0 1 0/0 28:01 3:25 0:51
Dalton Thrower 0 0 0 1 0 0 1 0 0 0 0/0 14:20 0:00 0:36
Darren Dietz 0 1 1 1 0 1 1 1 0 0 0/0 13:44 0:00 0:00
Drayson Bowman 0 0 0 0 0 3 3 1 0 0 0/0 8:38 0:00 0:00
Eric Tangradi 0 2 2 -4 0 6 0 0 0 0 0/1 21:37 3:29 0:24
Jonathan Ferland 2 1 3 -4 0 6 1 2 0 0 1/2 22:18 3:29 1:03
Joonas Donskoi 1 0 1 1 0 2 0 0 0 0 1/1 11:31 0:00 0:00
Logan Shaw 1 0 1 3 0 3 3 1 1 0 1/2 16:37 2:35 0:00
Matt Beleskey 0 3 3 3 0 5 0 0 1 0 0/0 14:27 0:00 0:29
Maxime Macenauer 2 0 2 3 0 3 1 0 0 1 7/12 14:25 0:00 0:27
Michael Sdao 0 1 1 -2 0 0 1 1 0 0 0/0 25:02 3:25 0:51
Robbie Russo 0 0 0 0 0 0 0 0 0 0 0/0 4:02 0:00 0:32
Robby Fabbri 0 0 0 0 0 0 0 2 0 0 1/1 8:38 0:00 0:00
Sam Bennett 0 0 0 1 0 1 4 0 0 0 6/6 14:10 2:35 0:00
Sven Baertschi 0 0 0 1 0 5 1 0 1 0 0/0 14:42 2:35 0:32
Valeri Nichushkin 0 0 0 0 0 1 0 0 0 1 0/0 8:38 0:00 0:00
3 Stars
1 - Maxime Macenauer (Rep)
2 - Matt Beleskey (Rep)
3 - Logan Shaw (Rep)
Power Play
Diables - 0 on 1 Attempt(s) - 0.00%
Mulligans - 1 on 4 Attempt(s) - 25.00%
Penalty Kill
Diables - 3 on 4 Attempt(s) - 75.00%
- Score 0 goal in Penalty Kill
Mulligans - 1 on 1 Attempt(s) - 100.00%
- Score 0 goal in Penalty Kill
Team Stat
Diables - Hits : 23 - Faceoff Wins : 28 - Blocked Shots : 10 - Penalty Minutes : 8
Mulligans - Hits : 21 - Faceoff Wins : 32 - Blocked Shots : 9 - Penalty Minutes : 2
Official
Referees : Unknown
Linesman : Unknown
Game Notes
No Game Note
Finance
Level 1 -- Attendance: 1493 (74.65%) -- Ticket Income $29,860
Level 2 -- Attendance: 743 (74.30%) -- Ticket Income $7,430
Total Attendance: 2236 (74.53%)
Total Ticket Income: $37,290
Other Income: $1,864
Total Income: $39,154
Diables
5 vs 5 Forward
Center Left Wing Right Wing Time % Phy DF OF
1 Tim Schaller Brandon Prust Mikko Lehtonen 40 1 2 2
2 Mark Jankowski Brock McGinn Daniel Zaar 30 1 2 2
3 Frederik Gauthier C.J Suess Nicolas Aube-Kubel 20 1 2 2
4 Louis Leblanc Artturi Lehkonen Brett Ritchie 10 1 2 2
5 vs 5 Defense
Defense Defense Time % Phy DF OF
1 Will Butcher Griffin Reinhart 40 1 2 2
2 Zac Leslie Marc-André Bourdon 30 1 2 2
3 Chris Bigras Brett Lernout 20 1 2 2
4 Will Butcher Griffin Reinhart 10 1 2 2
PowerPlay Forward
Center Left Wing Right Wing Time % Phy DF OF
1 Tim Schaller Brandon Prust Mikko Lehtonen 60 1 2 2
2 Frederik Gauthier Brock McGinn Daniel Zaar 40 1 2 2
PowerPlay Defense
Defense Defense Time % Phy DF OF
1 Will Butcher Griffin Reinhart 60 1 2 2
2 Zac Leslie Marc-André Bourdon 40 1 2 2
Penalty Kill 4 Players Forward
Center Wing Time % Phy DF OF
1 Tim Schaller Brandon Prust 60 1 2 2
2 Frederik Gauthier Mikko Lehtonen 40 1 2 2
Penalty Kill 4 Players Defense
Defense Defense Time % Phy DF OF
1 Will Butcher Griffin Reinhart 60 1 2 2
2 Zac Leslie Marc-André Bourdon 40 1 2 2
Penalty Kill - 3 Players Forward
Forward Time % Phy DF OF
1 Tim Schaller 60 1 2 2
2 Frederik Gauthier 40 1 2 2
Penalty Kill - 3 Players Defense
Defense Defense Time % Phy DF OF
1 Will Butcher Griffin Reinhart 60 1 2 2
2 Zac Leslie Marc-André Bourdon 40 1 2 2
4 vs 4 Forward
Center Wing Time % Phy DF OF
1 Tim Schaller Brandon Prust 60 1 2 2
2 Brock McGinn Mikko Lehtonen 40 1 2 2
4 vs 4 Defense
Defense Defense Time % Phy DF OF
1 Will Butcher Griffin Reinhart 60 1 2 2
2 Zac Leslie Marc-André Bourdon 40 1 2 2
Last Minutes Offensive
Center Left Wing Right Wing Defense Defense
Tim Schaller Brandon Prust Mikko Lehtonen Will Butcher Griffin Reinhart
Last Minutes Defensive
Center Left Wing Right Wing Defense Defense
Tim Schaller Brandon Prust Mikko Lehtonen Will Butcher Griffin Reinhart
Goaltenders
Starting : Eric Comrie
Backup : Igor Shesterkin
Extra Forwards
Normal : Mark Jankowski, Frederik Gauthier, C.J Suess - PP : Mark Jankowski, Frederik Gauthier - PK : C.J Suess
Extra Defensemen
Normal : Chris Bigras, Brett Lernout, Zac Leslie - PP : Chris Bigras - PK : Brett Lernout, Zac Leslie
Penalty Shots
Tim Schaller, Brandon Prust, Brock McGinn, Mikko Lehtonen, Louis Leblanc
Scratches
Tobias Rieder (Bruised Right Shoulder Injury), Stephen Harper (Healthy), Emil Djuse (Healthy), Jordan Caron (Bruised Right Leg Injury), Christian Thomas (Bruised Right Arm Injury)
Cole Cassels (Healthy), Jeremy Gregoire (Healthy), Connor Hurley (Healthy), Gustav Olofsson (Healthy), Andreas Johnsson (Healthy)
Anders Bjork (Healthy), Hunter Smith (Healthy), Jack Campbell (Healthy)
Mulligans
5 vs 5 Forward
Center Left Wing Right Wing Time % Phy DF OF
1 Anton Lander Eric Tangradi Jonathan Ferland 40 0 2 3
2 Maxime Macenauer Matt Beleskey Logan Shaw 30 0 2 3
3 Sam Bennett Sven Baertschi Joonas Donskoi 20 0 2 3
4 Robby Fabbri Drayson Bowman Valeri Nichushkin 10 0 2 3
5 vs 5 Defense
Defense Defense Time % Phy DF OF
1 Cody Goloubef Michael Sdao 40 0 3 2
2 Ben Hutton Cade Fairchild 30 0 3 2
3 Darren Dietz Dalton Thrower 20 0 3 2
4 Robbie Russo Cody Goloubef 10 0 3 2
PowerPlay Forward
Center Left Wing Right Wing Time % Phy DF OF
1 Anton Lander Eric Tangradi Jonathan Ferland 60 0 1 4
2 Sam Bennett Sven Baertschi Logan Shaw 40 0 1 4
PowerPlay Defense
Defense Defense Time % Phy DF OF
1 Cody Goloubef Michael Sdao 60 0 2 3
2 Ben Hutton Cade Fairchild 40 0 2 3
Penalty Kill 4 Players Forward
Center Wing Time % Phy DF OF
1 Anton Lander Jonathan Ferland 60 1 3 1
2 Maxime Macenauer Eric Tangradi 40 1 3 1
Penalty Kill 4 Players Defense
Defense Defense Time % Phy DF OF
1 Cody Goloubef Michael Sdao 60 1 4 0
2 Ben Hutton Cade Fairchild 40 1 4 0
Penalty Kill - 3 Players Forward
Forward Time % Phy DF OF
1 Eric Tangradi 60 1 2 2
2 Jonathan Ferland 40 1 2 2
Penalty Kill - 3 Players Defense
Defense Defense Time % Phy DF OF
1 Cody Goloubef Michael Sdao 60 1 2 2
2 Ben Hutton Cade Fairchild 40 1 2 2
4 vs 4 Forward
Center Wing Time % Phy DF OF
1 Anton Lander Eric Tangradi 60 1 2 2
2 Maxime Macenauer Logan Shaw 40 1 2 2
4 vs 4 Defense
Defense Defense Time % Phy DF OF
1 Cody Goloubef Michael Sdao 60 1 2 2
2 Ben Hutton Cade Fairchild 40 1 2 2
Last Minutes Offensive
Center Left Wing Right Wing Defense Defense
Anton Lander Eric Tangradi Jonathan Ferland Cody Goloubef Michael Sdao
Last Minutes Defensive
Center Left Wing Right Wing Defense Defense
Anton Lander Eric Tangradi Jonathan Ferland Cody Goloubef Michael Sdao
Goaltenders
Starting : Calvin Pickard
Backup : Juuse Saros
Extra Forwards
Normal : Sven Baertschi, Sam Bennett, Joonas Donskoi - PP : Sven Baertschi, Sam Bennett - PK : Matt Beleskey
Extra Defensemen
Normal : Darren Dietz, Dalton Thrower, Robbie Russo - PP : Darren Dietz - PK : Dalton Thrower, Robbie Russo
Penalty Shots
Anton Lander, Jonathan Ferland, Matt Beleskey, Maxime Macenauer, Drayson Bowman
Scratches
Reid Boucher (Healthy), Nick Moutrey (Healthy), John Hayden (Healthy), Jonny Brodzinski (Healthy), Cristiano Digiacinto (Healthy)
% Time on Ice - Diables
Lines # - Real PCT - Wanted PCT - Time Play
Normal Forward
1 - 33% - 40% - 16:57
2 - 28% - 30% - 14:20
3 - 23% - 20% - 11:44
4 - 15% - 10% - 7:53
Normal Defense
1 - 38% - 40% - 19:22
2 - 35% - 30% - 17:34
3 - 23% - 20% - 11:31
4 - 5% - 10% - 2:27
PP Forward
1 - 50% - 60% - 0:59
2 - 50% - 40% - 1:00
PP Defense
1 - 53% - 60% - 1:03
2 - 47% - 40% - 0:56
PK Forward
1 - 72% - 60% - 4:22
2 - 28% - 40% - 1:42
PK Defense
1 - 65% - 60% - 3:57
2 - 35% - 40% - 2:07
PK3 Forward
1 - 0% - 60%
2 - 0% - 40%
PK3 Defense
1 - 0% - 60%
2 - 0% - 40%
44 Forward
1 - 0% - 60%
2 - 0% - 40%
44 Defense
1 - 0% - 60%
2 - 0% - 40%
Last Minute Offensive - 1:03
Last Minute Defensive - 0:00
Total
Forward - 60:00
Defense - 60:00
|
% Time on Ice - Mulligans
Lines # - Real PCT - Wanted PCT - Time Play
Normal Forward
1 - 33% - 40% - 16:42
2 - 28% - 30% - 14:02
3 - 23% - 20% - 11:31
4 - 17% - 10% - 8:38
Normal Defense
1 - 39% - 40% - 19:42
2 - 27% - 30% - 13:59
3 - 27% - 20% - 13:44
4 - 7% - 10% - 3:28
PP Forward
1 - 57% - 60% - 3:29
2 - 43% - 40% - 2:35
PP Defense
1 - 56% - 60% - 3:25
2 - 44% - 40% - 2:39
PK Forward
1 - 80% - 60% - 1:35
2 - 20% - 40% - 0:24
PK Defense
1 - 43% - 60% - 0:51
2 - 57% - 40% - 1:08
PK3 Forward
1 - 0% - 60%
2 - 0% - 40%
PK3 Defense
1 - 0% - 60%
2 - 0% - 40%
44 Forward
1 - 0% - 60%
2 - 0% - 40%
44 Defense
1 - 0% - 60%
2 - 0% - 40%
Last Minute Offensive - 0:00
Last Minute Defensive - 1:04
Total
Forward - 60:00
Defense - 60:00
|
Play-by-Play
1st period
0:01 of 1st period - Tim Schaller wins face-off versus Anton Lander in neutral zone.
0:32 of 1st period - Snap shot by Matt Beleskey.
0:32 of 1st period - Stopped by Eric Comrie with a rebound.
0:34 of 1st period - Snap shot by Maxime Macenauer.
0:34 of 1st period - Goal by Maxime Macenauer - Diables : 0 - Mulligans : 1.
0:35 of 1st period - Sam Bennett wins face-off versus Nicolas Aube-Kubel in neutral zone.
1:07 of 1st period - Snap shot by Louis Leblanc.
1:07 of 1st period - Shot Misses the Net.
1:09 of 1st period - Wrist shot by Louis Leblanc.
1:09 of 1st period - Shot Misses the Net.
1:11 of 1st period - Slapshot by Marc-André Bourdon.
1:11 of 1st period - Stopped by Calvin Pickard with a rebound.
1:47 of 1st period - Wrist shot by Logan Shaw.
1:47 of 1st period - Shot Misses the Net.
1:49 of 1st period - Snap shot by Logan Shaw.
1:49 of 1st period - Goal by Logan Shaw - Diables : 0 - Mulligans : 2.
1:50 of 1st period - Mark Jankowski wins face-off versus Eric Tangradi in neutral zone.
1:59 of 1st period - Wrist shot by Eric Tangradi.
1:59 of 1st period - Stopped by Eric Comrie without a rebound.
2:00 of 1st period - Mark Jankowski wins face-off versus Anton Lander in Diables zone.
2:09 of 1st period - Snap shot by Brock McGinn.
2:09 of 1st period - Stopped by Calvin Pickard with a rebound.
2:23 of 1st period - Snap shot by Daniel Zaar.
2:23 of 1st period - Stopped by Calvin Pickard with a rebound.
2:25 of 1st period - Snap shot by Griffin Reinhart.
2:25 of 1st period - Shot Blocked by Anton Lander.
2:27 of 1st period - Snap shot by Mark Jankowski.
2:27 of 1st period - Stopped by Calvin Pickard without a rebound.
2:28 of 1st period - Maxime Macenauer wins face-off versus Tim Schaller in Mulligans zone.
2:43 of 1st period - Wrist shot by Matt Beleskey.
2:43 of 1st period - Stopped by Eric Comrie without a rebound.
2:44 of 1st period - Sam Bennett wins face-off versus Frederik Gauthier in Diables zone.
2:51 of 1st period - Wrist shot by Sven Baertschi.
2:51 of 1st period - Stopped by Eric Comrie without a rebound.
2:52 of 1st period - Sam Bennett wins face-off versus Frederik Gauthier in Diables zone.
3:21 of 1st period - Snap shot by Matt Beleskey.
3:21 of 1st period - Shot Misses the Net.
3:23 of 1st period - Slapshot by Matt Beleskey.
3:23 of 1st period - Shot Misses the Net.
3:45 of 1st period - Snap shot by Eric Tangradi.
3:45 of 1st period - Stopped by Eric Comrie with a rebound.
3:47 of 1st period - Wrist shot by Jonathan Ferland.
3:47 of 1st period - Stopped by Eric Comrie with a rebound.
4:19 of 1st period - Ben Hutton is hit by Marc-André Bourdon and loses puck.
4:24 of 1st period - Wrist shot by Frederik Gauthier.
4:24 of 1st period - Shot Misses the Net.
4:26 of 1st period - Slapshot by Zac Leslie.
4:26 of 1st period - Stopped by Calvin Pickard with a rebound.
5:27 of 1st period - Snap shot by Brock McGinn.
5:27 of 1st period - Shot Blocked by Robby Fabbri.
5:29 of 1st period - Slapshot by Brock McGinn.
5:29 of 1st period - Shot Misses the Net.
5:31 of 1st period - Snap shot by Brock McGinn.
5:31 of 1st period - Shot Misses the Net.
5:41 of 1st period - Drayson Bowman is hit by Nicolas Aube-Kubel and loses puck.
6:13 of 1st period - Wrist shot by Drayson Bowman.
6:13 of 1st period - Stopped by Eric Comrie without a rebound.
6:14 of 1st period - Anton Lander wins face-off versus Louis Leblanc in Diables zone.
6:19 of 1st period - Slapshot by Jonathan Ferland.
6:19 of 1st period - Stopped by Eric Comrie without a rebound.
6:20 of 1st period - Louis Leblanc wins face-off versus Anton Lander in Diables zone.
6:25 of 1st period - Slapshot by Louis Leblanc.
6:25 of 1st period - Shot Hit the Post.
6:27 of 1st period - Snap shot by Brett Lernout.
6:27 of 1st period - Stopped by Calvin Pickard without a rebound.
6:28 of 1st period - Tim Schaller wins face-off versus Logan Shaw in Mulligans zone.
6:41 of 1st period - Snap shot by Matt Beleskey.
6:41 of 1st period - Shot Blocked by Will Butcher.
6:55 of 1st period - Anton Lander is hit by Will Butcher.
6:59 of 1st period - Slapshot by Jonathan Ferland.
6:59 of 1st period - Stopped by Eric Comrie with a rebound.
7:01 of 1st period - Slapshot by Cade Fairchild.
7:01 of 1st period - Deflect By Brock McGinn.
7:01 of 1st period - Stopped by Eric Comrie without a rebound.
7:02 of 1st period - Mark Jankowski wins face-off versus Maxime Macenauer in Diables zone.
7:07 of 1st period - Snap shot by Logan Shaw.
7:07 of 1st period - Stopped by Eric Comrie with a rebound.
7:18 of 1st period - Snap shot by Mark Jankowski.
7:18 of 1st period - Shot Misses the Net.
7:28 of 1st period - Eric Tangradi is hit by Mikko Lehtonen.
7:36 of 1st period - Wrist shot by Tim Schaller.
7:36 of 1st period - Deflect By Brandon Prust.
7:36 of 1st period - Deflect By Jonathan Ferland.
7:36 of 1st period - Shot Misses the Net.
7:36 of 1st period - Puck is out of play.
7:37 of 1st period - Joonas Donskoi wins face-off versus Frederik Gauthier in Mulligans zone.
8:08 of 1st period - Matt Beleskey is hit by C.J Suess and loses puck.
8:15 of 1st period - Snap shot by C.J Suess.
8:15 of 1st period - Shot Blocked by Darren Dietz.
9:35 of 1st period - Snap shot by Matt Beleskey.
9:35 of 1st period - Shot Misses the Net.
9:37 of 1st period - Slapshot by Darren Dietz.
9:37 of 1st period - Shot Blocked by Nicolas Aube-Kubel.
9:39 of 1st period - Slapshot by Darren Dietz.
9:39 of 1st period - Shot Misses the Net.
9:41 of 1st period - Slapshot by Maxime Macenauer.
9:41 of 1st period - Goal by Maxime Macenauer - Diables : 0 - Mulligans : 3.
9:42 of 1st period - Tim Schaller wins face-off versus Anton Lander in neutral zone.
10:09 of 1st period - Brock McGinn is hit by Sam Bennett and loses puck.
11:13 of 1st period - Chris Bigras is hit by Sam Bennett and loses puck.
11:31 of 1st period - Drayson Bowman is hit by Daniel Zaar and loses puck.
12:58 of 1st period - Griffin Reinhart is hit by Sven Baertschi and loses puck.
13:17 of 1st period - Wrist shot by Logan Shaw.
13:17 of 1st period - Deflect By Valeri Nichushkin.
13:17 of 1st period - Stopped by Eric Comrie with a rebound.
13:44 of 1st period - Marc-André Bourdon is hit by Michael Sdao and loses puck.
14:05 of 1st period - Griffin Reinhart is hit by Logan Shaw.
14:21 of 1st period - Backhand shot by Eric Tangradi.
14:21 of 1st period - Shot Misses the Net.
14:50 of 1st period - Will Butcher is hit by Drayson Bowman.
15:38 of 1st period - Wrist shot by Drayson Bowman.
15:38 of 1st period - Stopped by Eric Comrie with a rebound.
15:56 of 1st period - Snap shot by Frederik Gauthier.
15:56 of 1st period - Stopped by Calvin Pickard without a rebound.
15:57 of 1st period - Anton Lander wins face-off versus Frederik Gauthier in Mulligans zone.
16:02 of 1st period - Snap shot by Eric Tangradi.
16:02 of 1st period - Shot Misses the Net.
16:04 of 1st period - Slapshot by Michael Sdao.
16:04 of 1st period - Shot Blocked by Nicolas Aube-Kubel.
16:06 of 1st period - Snap shot by Anton Lander.
16:06 of 1st period - Stopped by Eric Comrie with a rebound.
16:08 of 1st period - Slapshot by Cody Goloubef.
16:08 of 1st period - Shot Misses the Net.
16:41 of 1st period - Wrist shot by Sam Bennett.
16:41 of 1st period - Shot Misses the Net.
16:47 of 1st period - Wrist shot by Brandon Prust.
16:47 of 1st period - Shot Misses the Net.
17:15 of 1st period - Snap shot by Eric Tangradi.
17:15 of 1st period - Shot Misses the Net.
17:44 of 1st period - Griffin Reinhart is hit by Logan Shaw and loses puck.
18:34 of 1st period - Slapshot by Eric Tangradi.
18:34 of 1st period - Stopped by Eric Comrie without a rebound.
18:35 of 1st period - Logan Shaw wins face-off versus Tim Schaller in Diables zone.
18:50 of 1st period - Snap shot by Maxime Macenauer.
18:50 of 1st period - Shot Misses the Net.
19:06 of 1st period - Snap shot by C.J Suess.
19:06 of 1st period - Goal by C.J Suess - Diables : 1 - Mulligans : 3.
19:07 of 1st period - Tim Schaller wins face-off versus Jonathan Ferland in neutral zone.
19:10 of 1st period - Slapshot by Mikko Lehtonen.
19:10 of 1st period - Shot Misses the Net.
19:12 of 1st period - Slapshot by Griffin Reinhart.
19:12 of 1st period - Shot Misses the Net.
19:14 of 1st period - Slapshot by Griffin Reinhart.
19:14 of 1st period - Deflect By Cody Goloubef.
19:14 of 1st period - Goal by Griffin Reinhart - Diables : 2 - Mulligans : 3.
19:15 of 1st period - Tim Schaller wins face-off versus Anton Lander in neutral zone.
19:53 of 1st period - Icing by Michael Sdao.
19:54 of 1st period - Maxime Macenauer wins face-off versus Mark Jankowski in Mulligans zone.
Goals for this period are 2 for Diables vs 3 for Mulligans.
Shots for this period are 9 for Diables vs 18 for Mulligans.
2nd period
0:01 of 2nd period - Anton Lander wins face-off versus Tim Schaller in neutral zone.
0:35 of 2nd period - Cody Goloubef is hit by Zac Leslie and loses puck.
0:56 of 2nd period - Slapshot by Logan Shaw.
0:56 of 2nd period - Shot Blocked by Zac Leslie.
0:58 of 2nd period - Slapshot by Maxime Macenauer.
0:58 of 2nd period - Stopped by Eric Comrie with a rebound.
1:00 of 2nd period - Slapshot by Logan Shaw.
1:00 of 2nd period - Shot Misses the Net.
1:06 of 2nd period - Minor Penalty to C.J Suess for Tripping.
1:07 of 2nd period - Tim Schaller wins face-off versus Anton Lander in Diables zone.
1:07 of 2nd period - Tim Schaller is hit by Cade Fairchild.
1:21 of 2nd period - Snap shot by Tim Schaller.
1:21 of 2nd period - Shot Blocked by Jonathan Ferland.
1:38 of 2nd period - Off-side.
1:39 of 2nd period - Sam Bennett wins face-off versus Tim Schaller in neutral zone.
1:59 of 2nd period - Off-side.
2:00 of 2nd period - Anton Lander wins face-off versus Frederik Gauthier in neutral zone.
3:06 of 2nd period - Penalty to C.J Suess is over, C.J Suess is back on ice.
3:12 of 2nd period - Wrist shot by Brock McGinn.
3:12 of 2nd period - Shot Misses the Net.
3:14 of 2nd period - Backhand shot by Zac Leslie.
3:14 of 2nd period - Stopped by Calvin Pickard without a rebound.
3:15 of 2nd period - Robby Fabbri wins face-off versus Mark Jankowski in Mulligans zone.
3:46 of 2nd period - Cody Goloubef is hit by Zac Leslie and loses puck.
3:59 of 2nd period - Wrist shot by Artturi Lehkonen.
3:59 of 2nd period - Stopped by Calvin Pickard without a rebound.
4:00 of 2nd period - Anton Lander wins face-off versus Tim Schaller in Mulligans zone.
4:02 of 2nd period - Icing by Eric Tangradi.
4:03 of 2nd period - Anton Lander wins face-off versus Mikko Lehtonen in Mulligans zone.
4:03 of 2nd period - Anton Lander is hit by Brandon Prust.
4:16 of 2nd period - Minor Penalty to Griffin Reinhart for Tripping.
4:17 of 2nd period - Anton Lander wins face-off versus Tim Schaller in Diables zone.
4:25 of 2nd period - Brandon Prust is hit by Cody Goloubef and loses puck.
6:16 of 2nd period - Penalty to Griffin Reinhart is over, Griffin Reinhart is back on ice.
6:29 of 2nd period - Drayson Bowman is hit by Louis Leblanc and loses puck.
6:47 of 2nd period - Wrist shot by Cody Goloubef.
6:47 of 2nd period - Stopped by Eric Comrie with a rebound.
6:49 of 2nd period - Wrist shot by Cody Goloubef.
6:49 of 2nd period - Deflect By Drayson Bowman.
6:49 of 2nd period - Shot Misses the Net.
6:49 of 2nd period - Puck is out of play.
6:50 of 2nd period - C.J Suess wins face-off versus Anton Lander in Diables zone.
7:08 of 2nd period - Frederik Gauthier is hit by Jonathan Ferland and loses puck.
7:19 of 2nd period - Brett Lernout is hit by Darren Dietz and loses puck.
7:44 of 2nd period - Slapshot by Brandon Prust.
7:44 of 2nd period - Shot Misses the Net.
7:46 of 2nd period - Slapshot by Brett Lernout.
7:46 of 2nd period - Stopped by Calvin Pickard with a rebound.
7:58 of 2nd period - Griffin Reinhart is hit by Dalton Thrower and loses puck.
8:33 of 2nd period - Off-side.
8:34 of 2nd period - Anton Lander wins face-off versus Mikko Lehtonen in neutral zone.
8:45 of 2nd period - Wrist shot by Brandon Prust.
8:45 of 2nd period - Shot Misses the Net.
8:47 of 2nd period - Backhand shot by Mikko Lehtonen.
8:47 of 2nd period - Shot Blocked by Jonathan Ferland.
8:49 of 2nd period - Wrist shot by Brandon Prust.
8:49 of 2nd period - Deflect By Anton Lander.
8:49 of 2nd period - Stopped by Calvin Pickard without a rebound.
8:50 of 2nd period - Maxime Macenauer wins face-off versus Mark Jankowski in Mulligans zone.
9:07 of 2nd period - Brock McGinn is hit by Maxime Macenauer and loses puck.
9:26 of 2nd period - Snap shot by Brock McGinn.
9:26 of 2nd period - Stopped by Calvin Pickard with a rebound.
9:28 of 2nd period - Slapshot by Brock McGinn.
9:28 of 2nd period - Goal by Brock McGinn - Diables : 3 - Mulligans : 3.
9:29 of 2nd period - Tim Schaller wins face-off versus Anton Lander in neutral zone.
9:32 of 2nd period - Anton Lander is hit by Brandon Prust.
9:36 of 2nd period - Brandon Prust is hit by Cade Fairchild and loses puck.
9:45 of 2nd period - Wrist shot by Eric Tangradi.
9:45 of 2nd period - Shot Misses the Net.
10:24 of 2nd period - Wrist shot by C.J Suess.
10:24 of 2nd period - Stopped by Calvin Pickard without a rebound.
10:25 of 2nd period - Tim Schaller wins face-off versus Anton Lander in Mulligans zone.
10:32 of 2nd period - Slapshot by Tim Schaller.
10:32 of 2nd period - Stopped by Calvin Pickard with a rebound.
10:34 of 2nd period - Slapshot by Zac Leslie.
10:34 of 2nd period - Stopped by Calvin Pickard without a rebound.
10:35 of 2nd period - Tim Schaller wins face-off versus Anton Lander in Mulligans zone.
10:59 of 2nd period - Minor Penalty to Cade Fairchild for Hooking.
11:00 of 2nd period - Jonathan Ferland wins face-off versus Tim Schaller in Mulligans zone.
11:00 of 2nd period - Jonathan Ferland is hit by Tim Schaller.
11:32 of 2nd period - Slapshot by Daniel Zaar.
11:32 of 2nd period - Stopped by Calvin Pickard with a rebound.
12:59 of 2nd period - Penalty to Cade Fairchild is over, Cade Fairchild is back on ice.
13:44 of 2nd period - Slapshot by Joonas Donskoi.
13:44 of 2nd period - Stopped by Eric Comrie with a rebound.
13:59 of 2nd period - Tim Schaller is hit by Sam Bennett and loses puck.
14:26 of 2nd period - Minor Penalty to Mark Jankowski for High sticking.
14:27 of 2nd period - Anton Lander wins face-off versus Tim Schaller in Diables zone.
14:29 of 2nd period - Snap shot by Anton Lander.
14:29 of 2nd period - Shot Blocked by Griffin Reinhart.
14:31 of 2nd period - Wrist shot by Jonathan Ferland.
14:31 of 2nd period - Stopped by Eric Comrie with a rebound.
14:33 of 2nd period - Snap shot by Jonathan Ferland.
14:33 of 2nd period - Goal by Jonathan Ferland - Diables : 3 - Mulligans : 4.
14:34 of 2nd period - Anton Lander wins face-off versus Mikko Lehtonen in neutral zone.
15:29 of 2nd period - Off-side.
15:30 of 2nd period - Tim Schaller wins face-off versus Maxime Macenauer in neutral zone.
15:35 of 2nd period - Slapshot by Brandon Prust.
15:35 of 2nd period - Shot Misses the Net.
16:01 of 2nd period - Griffin Reinhart is hit by Sam Bennett and loses puck.
16:10 of 2nd period - Joonas Donskoi is hit by Will Butcher.
16:26 of 2nd period - Slapshot by Will Butcher.
16:26 of 2nd period - Shot Blocked by Drayson Bowman.
16:28 of 2nd period - Slapshot by Will Butcher.
16:28 of 2nd period - Shot Misses the Net.
16:30 of 2nd period - Slapshot by Brett Ritchie.
16:30 of 2nd period - Shot Blocked by Robby Fabbri.
16:32 of 2nd period - Slapshot by Louis Leblanc.
16:32 of 2nd period - Stopped by Calvin Pickard without a rebound.
16:33 of 2nd period - Maxime Macenauer wins face-off versus Mikko Lehtonen in Mulligans zone.
16:38 of 2nd period - Wrist shot by Matt Beleskey.
16:38 of 2nd period - Stopped by Eric Comrie with a rebound.
17:06 of 2nd period - Wrist shot by Jonathan Ferland.
17:06 of 2nd period - Goal by Jonathan Ferland - Diables : 3 - Mulligans : 5.
17:07 of 2nd period - Brandon Prust wins face-off versus Anton Lander in neutral zone.
17:20 of 2nd period - Wrist shot by Tim Schaller.
17:20 of 2nd period - Stopped by Calvin Pickard without a rebound.
17:21 of 2nd period - Tim Schaller wins face-off versus Anton Lander in Mulligans zone.
18:08 of 2nd period - Cade Fairchild is hit by Frederik Gauthier and loses puck.
18:33 of 2nd period - Backhand shot by Darren Dietz.
18:33 of 2nd period - Stopped by Eric Comrie without a rebound.
18:34 of 2nd period - Anton Lander wins face-off versus Tim Schaller in Diables zone.
18:37 of 2nd period - Snap shot by Anton Lander.
18:37 of 2nd period - Stopped by Eric Comrie without a rebound.
18:38 of 2nd period - Tim Schaller wins face-off versus Anton Lander in Diables zone.
18:40 of 2nd period - Minor Penalty to Zac Leslie for Interference.
18:41 of 2nd period - Tim Schaller wins face-off versus Anton Lander in Diables zone.
18:53 of 2nd period - Snap shot by Jonathan Ferland.
18:53 of 2nd period - Shot Blocked by Griffin Reinhart.
Goals for this period are 1 for Diables vs 2 for Mulligans.
Shots for this period are 12 for Diables vs 9 for Mulligans.
3rd period
0:01 of 3rd period - Tim Schaller wins face-off versus Anton Lander in neutral zone.
0:40 of 3rd period - Penalty to Zac Leslie is over, Zac Leslie is back on ice.
0:54 of 3rd period - Snap shot by Drayson Bowman.
0:54 of 3rd period - Stopped by Eric Comrie with a rebound.
0:56 of 3rd period - Wrist shot by Robby Fabbri.
0:56 of 3rd period - Shot Blocked by Brett Lernout.
0:58 of 3rd period - Slapshot by Valeri Nichushkin.
0:58 of 3rd period - Shot Misses the Net.
1:00 of 3rd period - Slapshot by Drayson Bowman.
1:00 of 3rd period - Shot Misses the Net.
1:45 of 3rd period - Joonas Donskoi is hit by Marc-André Bourdon and loses puck.
2:08 of 3rd period - Snap shot by Sven Baertschi.
2:08 of 3rd period - Stopped by Eric Comrie with a rebound.
2:48 of 3rd period - Slapshot by Sam Bennett.
2:48 of 3rd period - Shot Misses the Net.
2:50 of 3rd period - Wrist shot by Sven Baertschi.
2:50 of 3rd period - Stopped by Eric Comrie without a rebound.
2:51 of 3rd period - Anton Lander wins face-off versus Tim Schaller in Diables zone.
2:56 of 3rd period - Snap shot by Anton Lander.
2:56 of 3rd period - Stopped by Eric Comrie with a rebound.
2:58 of 3rd period - Snap shot by Cody Goloubef.
2:58 of 3rd period - Deflect By Eric Tangradi.
2:58 of 3rd period - Shot Blocked by Brandon Prust.
2:58 of 3rd period - Puck is out of play.
2:59 of 3rd period - Anton Lander wins face-off versus Tim Schaller in Diables zone.
3:12 of 3rd period - Slapshot by Cody Goloubef.
3:12 of 3rd period - Stopped by Eric Comrie with a rebound.
3:14 of 3rd period - Wrist shot by Eric Tangradi.
3:14 of 3rd period - Shot Misses the Net.
3:21 of 3rd period - Icing by Brett Lernout.
3:22 of 3rd period - Tim Schaller wins face-off versus Maxime Macenauer in Diables zone.
3:22 of 3rd period - Tim Schaller is hit by Cade Fairchild.
3:49 of 3rd period - Snap shot by Mark Jankowski.
3:49 of 3rd period - Shot Misses the Net.
3:51 of 3rd period - Snap shot by Mikko Lehtonen.
3:51 of 3rd period - Stopped by Calvin Pickard without a rebound.
3:52 of 3rd period - Tim Schaller wins face-off versus Anton Lander in Mulligans zone.
4:03 of 3rd period - Slapshot by Michael Sdao.
4:03 of 3rd period - Shot Misses the Net.
4:05 of 3rd period - Snap shot by Anton Lander.
4:05 of 3rd period - Shot Misses the Net.
4:49 of 3rd period - Snap shot by Anton Lander.
4:49 of 3rd period - Shot Blocked by Tim Schaller.
4:51 of 3rd period - Backhand shot by Eric Tangradi.
4:51 of 3rd period - Stopped by Eric Comrie without a rebound.
4:52 of 3rd period - Maxime Macenauer wins face-off versus Mark Jankowski in Diables zone.
5:46 of 3rd period - Snap shot by Brett Ritchie.
5:46 of 3rd period - Shot Misses the Net.
5:48 of 3rd period - Snap shot by Louis Leblanc.
5:48 of 3rd period - Stopped by Calvin Pickard without a rebound.
5:49 of 3rd period - Maxime Macenauer wins face-off versus Mark Jankowski in Mulligans zone.
6:05 of 3rd period - Slapshot by Will Butcher.
6:05 of 3rd period - Deflect By Mark Jankowski.
6:05 of 3rd period - Shot Misses the Net.
6:05 of 3rd period - Puck is out of play.
6:06 of 3rd period - Tim Schaller wins face-off versus Anton Lander in Mulligans zone.
6:07 of 3rd period - Slapshot by Brandon Prust.
6:07 of 3rd period - Goal by Brandon Prust - Diables : 4 - Mulligans : 5.
6:08 of 3rd period - Tim Schaller wins face-off versus Anton Lander in neutral zone.
6:48 of 3rd period - Snap shot by Tim Schaller.
6:48 of 3rd period - Shot Misses the Net.
7:00 of 3rd period - Maxime Macenauer is hit by Zac Leslie and loses puck.
7:13 of 3rd period - Wrist shot by Daniel Zaar.
7:13 of 3rd period - Shot Misses the Net.
7:37 of 3rd period - Anton Lander is hit by Nicolas Aube-Kubel and loses puck.
7:54 of 3rd period - Snap shot by Louis Leblanc.
7:54 of 3rd period - Stopped by Calvin Pickard with a rebound.
7:56 of 3rd period - Slapshot by Will Butcher.
7:56 of 3rd period - Stopped by Calvin Pickard without a rebound.
7:57 of 3rd period - Mark Jankowski wins face-off versus Maxime Macenauer in Mulligans zone.
7:58 of 3rd period - Slapshot by Will Butcher.
7:58 of 3rd period - Shot Blocked by Logan Shaw.
8:48 of 3rd period - Sven Baertschi is hit by Zac Leslie and loses puck.
9:09 of 3rd period - Wrist shot by Tim Schaller.
9:09 of 3rd period - Stopped by Calvin Pickard without a rebound.
9:10 of 3rd period - Tim Schaller wins face-off versus Anton Lander in Mulligans zone.
9:19 of 3rd period - Wrist shot by Mikko Lehtonen.
9:19 of 3rd period - Goal by Mikko Lehtonen - Diables : 5 - Mulligans : 5.
9:20 of 3rd period - Mikko Lehtonen wins face-off versus Anton Lander in neutral zone.
9:27 of 3rd period - Cody Goloubef is hit by Will Butcher and loses puck.
10:12 of 3rd period - Snap shot by Sam Bennett.
10:12 of 3rd period - Stopped by Eric Comrie with a rebound.
10:18 of 3rd period - Joonas Donskoi is hit by Nicolas Aube-Kubel and loses puck.
10:58 of 3rd period - Wrist shot by Eric Tangradi.
10:58 of 3rd period - Stopped by Eric Comrie with a rebound.
11:00 of 3rd period - Snap shot by Eric Tangradi.
11:00 of 3rd period - Stopped by Eric Comrie with a rebound.
11:02 of 3rd period - Slapshot by Ben Hutton.
11:02 of 3rd period - Stopped by Eric Comrie with a rebound.
11:04 of 3rd period - Wrist shot by Anton Lander.
11:04 of 3rd period - Stopped by Eric Comrie without a rebound.
11:05 of 3rd period - Maxime Macenauer wins face-off versus Tim Schaller in Diables zone.
11:08 of 3rd period - Snap shot by Matt Beleskey.
11:08 of 3rd period - Shot Misses the Net.
11:50 of 3rd period - Mark Jankowski is hit by Cade Fairchild and loses puck.
12:39 of 3rd period - Slapshot by Artturi Lehkonen.
12:39 of 3rd period - Shot Blocked by Michael Sdao.
12:41 of 3rd period - Slapshot by Chris Bigras.
12:41 of 3rd period - Stopped by Calvin Pickard without a rebound.
12:42 of 3rd period - Anton Lander wins face-off versus Louis Leblanc in Mulligans zone.
13:07 of 3rd period - Eric Tangradi is hit by Frederik Gauthier and loses puck.
13:20 of 3rd period - Wrist shot by C.J Suess.
13:20 of 3rd period - Shot Misses the Net.
13:38 of 3rd period - Slapshot by Matt Beleskey.
13:38 of 3rd period - Stopped by Eric Comrie with a rebound.
13:40 of 3rd period - Snap shot by Dalton Thrower.
13:40 of 3rd period - Shot Misses the Net.
13:42 of 3rd period - Slapshot by Matt Beleskey.
13:42 of 3rd period - Shot Misses the Net.
14:02 of 3rd period - Wrist shot by Brock McGinn.
14:02 of 3rd period - Shot Misses the Net.
14:32 of 3rd period - Matt Beleskey is hit by C.J Suess and loses puck.
15:30 of 3rd period - Griffin Reinhart is hit by Drayson Bowman and loses puck.
15:37 of 3rd period - Zac Leslie is hit by Drayson Bowman and loses puck.
15:49 of 3rd period - Off-side.
15:50 of 3rd period - C.J Suess wins face-off versus Maxime Macenauer in neutral zone.
16:12 of 3rd period - Frederik Gauthier is hit by Logan Shaw and loses puck.
16:17 of 3rd period - Slapshot by Logan Shaw.
16:17 of 3rd period - Stopped by Eric Comrie with a rebound.
16:25 of 3rd period - Wrist shot by Matt Beleskey.
16:25 of 3rd period - Stopped by Eric Comrie without a rebound.
16:26 of 3rd period - Sam Bennett wins face-off versus Tim Schaller in Diables zone.
16:41 of 3rd period - Snap shot by Brandon Prust.
16:41 of 3rd period - Stopped by Calvin Pickard without a rebound.
16:42 of 3rd period - Anton Lander wins face-off versus Mark Jankowski in Mulligans zone.
18:00 of 3rd period - Eric Tangradi is hit by Mark Jankowski and loses puck.
18:25 of 3rd period - Snap shot by Sven Baertschi.
18:25 of 3rd period - Deflect By Brandon Prust.
18:25 of 3rd period - Stopped by Eric Comrie with a rebound.
18:27 of 3rd period - Snap shot by Sven Baertschi.
18:27 of 3rd period - Stopped by Eric Comrie with a rebound.
18:29 of 3rd period - Slapshot by Cody Goloubef.
18:29 of 3rd period - Shot Blocked by Marc-André Bourdon.
18:31 of 3rd period - Slapshot by Michael Sdao.
18:31 of 3rd period - Shot Misses the Net.
18:33 of 3rd period - Slapshot by Cody Goloubef.
18:33 of 3rd period - Stopped by Eric Comrie with a rebound.
18:35 of 3rd period - Snap shot by Joonas Donskoi.
18:35 of 3rd period - Goal by Joonas Donskoi - Diables : 5 - Mulligans : 6.
18:36 of 3rd period - Sam Bennett wins face-off versus Frederik Gauthier in neutral zone.
19:07 of 3rd period - Diables, Eric Comrie is pulled from the net.
19:23 of 3rd period - Slapshot by Tim Schaller.
19:23 of 3rd period - Stopped by Calvin Pickard with a rebound.
19:25 of 3rd period - Wrist shot by Will Butcher.
19:25 of 3rd period - Shot Misses the Net.
19:47 of 3rd period - Snap shot by Will Butcher.
19:47 of 3rd period - Stopped by Calvin Pickard with a rebound.
Goals for this period are 2 for Diables vs 1 for Mulligans.
Shots for this period are 11 for Diables vs 18 for Mulligans.
Back to the Top